 Dungeon Crawl Stone Soup version 0.30-a0-802-gb92711b (webtiles) character file.

Game seed: 6960790792036952171

553 Illumine the Caller (level 7, -3/48 HPs)
             Began as a Demonspawn Summoner on Feb 23, 2023.
             Slain by a hound (5 damage)
             ... on level 5 of the Dungeon.
             The game lasted 00:08:25 (4234 turns).

Illumine the Caller (Demonspawn Summoner)           Turns: 4234, Time: 00:08:26

Health: -3/48      AC:  4    Str:  9    XL:     7   Next: 8%
Magic:  22/22      EV: 12    Int: 18    God:
Gold:   200        SH:  0    Dex: 13    Spells: 5/14 levels left

rFire   + . .      SeeInvis .    s - +1 hand axe (flame)
rCold   . . .      Faith    .    (no shield)
rNeg    . . .      Spirit   .    r - +2 robe {rF+}
rPois   .          Reflect  .    (helmet restricted)
rElec   .          Harm     .    (no cloak)
rCorr   .          Rampage  .    (no gloves)
Will    .....                    (no boots)
Stlth   ++                       (no amulet)
HPRegen 0.28/turn                m - ring of magical power
MPRegen 0.18/turn                (no ring)

@: no status effects
A: horns 1, demonic guardian 1, foul stench 2
a: no special abilities


You were on level 5 of the Dungeon.
You visited 1 branch of the dungeon, and saw 5 of its levels.

You collected 200 gold pieces.

Inventory:

Hand Weapons
 e - a +0 short sword
 f - a +0 long sword
 s - a +1 hand axe of flaming (weapon)
Missiles
 q - 3 throwing nets
Armour
 a - a +0 robe
 r - a +2 robe of fire resistance (worn)
 u - the +0 helmet "Fuutt" {rPois}
   (You took it off Robin on level 3 of the Dungeon)

   rPois:     It protects you from poison.
Jewellery
 m - a ring of magical power (left hand)
Scrolls
 c - 7 scrolls of identify {unknown}
 d - 7 scrolls of teleportation {unknown}
 g - 2 scrolls of fog {unknown}
 i - 2 scrolls of enchant armour {unknown}
 j - a scroll of vulnerability {unknown}
 k - a scroll of fear {unknown}
 l - 2 scrolls of magic mapping {unknown}
 o - a scroll of immolation {unknown}
 p - a scroll of butterflies {unknown}
 x - a scroll of brand weapon {unknown}
 y - a scroll of amnesia {unknown}
 z - a scroll of noise {unknown}
Potions
 b - a potion of magic
 h - a potion of cancellation {unknown}
 n - 2 potions of attraction {unknown}
 t - a potion of flight {unknown}
 v - 5 potions of haste {unknown}
 w - 2 potions of heal wounds {unknown}


   Skills:
 + Level 1.5 Fighting
 + Level 2.4 Dodging
 - Level 1.7 Stealth
 + Level 4.4 Spellcasting
 * Level 2.9 Hexes
 + Level 6.0 Summonings


You had 5 spell levels left.
You knew the following spells:

 Your Spells              Type           Power      Damage    Failure   Level
a - Summon Small Mammal   Summ           100%       N/A       1%          1
b - Call Imp              Summ           25%        N/A       1%          2
c - Call Canine Familiar  Summ           25%        N/A       3%          3
d - Summon Guardian Gole  Hex/Summ       20%        N/A       7%          3

Your spell library contained the following spells:

 Spells                   Type           Power      Damage    Failure   Level
 Lesser Beckoning         Tloc           6%         N/A       22%         2
 Gell's Gravitas          Tloc           3%         N/A       38%         3
 Teleport Other           Tloc           3%         N/A       38%         3
 Summon Lightning Spire   Summ/Air       14%        N/A       38%         4


Dungeon Overview and Level Annotations

Branches:
Dungeon (5/15)
 Temple: D:4-7

Altars:
Ashenzari
Makhleb
Qazlal
Wu Jian

Annotations:
D:3 1 runed translucent door, Crazy Yiuf


Innate Abilities, Weirdness & Mutations

You have a pair of small horns on your head.
A weak demonic guardian rushes to your aid.
You sometimes emit foul miasma when damaged in melee.


Message History

Things that are here:
a +0 whip; a +0 spear You barely miss the orc priest.
Your headbutt misses the orc priest.
The orc priest invokes the aid of Beogh against you.
Beogh smites you!
* * * LOW HITPOINT WARNING * * *
A demonic guardian appears!
You swap places.
Your hound bites the orc priest.
The orc priest hits your hound but does no damage.
Your shadow imp hits the hound.
Your ufetubus hits the hound but does no damage.
Your ufetubus closely misses the hound.
Your hound barely misses the orc priest.
You swap places.
Your hound disappears in a puff of smoke!
The hound barely misses you.
The orc priest miscasts a cantrip.
Your shadow imp barely misses the hound.
The hound bites you but does no damage.
Your ufetubus closely misses the orc priest.
Your ufetubus hits the orc priest.
Things that are here:
a +0 trident; a +0 scale mail; an orc corpse The orc priest misses your ufetubus.
Your ufetubus hits the orc priest.
Your ufetubus closely misses the orc priest.
The hound attacks as you move away! The hound bites you.
* * * LOW HITPOINT WARNING * * *
Your shadow imp hits the orc priest.
The hound misses you.
Your ufetubus barely misses the orc priest.
Your ufetubus hits the orc priest.
The orc priest closely misses something.
The orc priest barely misses your ufetubus.
Your ufetubus closely misses the orc priest. x2
The hound closely misses you.
The orc priest mumbles some strange prayers to Beogh against your ufetubus.
Your ufetubus is smitten.
Your ufetubus dies!
Your ufetubus disappears in a puff of smoke!
The hound attacks as you move away! The hound bites you.
You die...

######## . . ##......# .# .<
##......##.# #. ###
##..))..#..# #.###..
...)).....##### #...#.#### #
..####........#####......#.#
###
##.#####....>.###o##...###
..###..#
#.5#..#...5o))o.....
......##
#.###.@###.####.....
.#...######.# ##.h.ยง.# #.#
...#.#......# #######
..#..).###### ..#...##
#.#.#.####### #.........[..
#.....####### ##....#


You could see a hound, an orc priest (unaware, ally target), an orc and a
friendly shadow imp (summoned).

Vanquished Creatures
  An orc priest (D:5)
  2 orc wizards (D:2)
  5 gnolls
  3 adders
  A worm (D:4)
  A dart slug (D:4)
  5 orcs
  2 ball pythons (D:4)
  4 endoplasms
  6 goblins
  3 hobgoblins
  3 kobolds (D:1)
  A quokka (D:4)
  4 bats
  A frilled lizard (D:1)
  A rat (D:2)
43 creatures vanquished.

Vanquished Creatures (collateral kills)
  An ogre (D:4)
  A scorpion (D:4)
  An orc priest (D:5)
  Robin (D:3)
  3 gnolls
  6 adders
  A white imp (D:5)
  2 worms
  A dart slug (D:4)
  10 orcs
  3 ball pythons
  2 bats (D:1)
  3 endoplasms (D:1)
  A giant cockroach (D:1)
  8 goblins
  7 hobgoblins
  3 jackals (D:1)
  5 kobolds
  A quokka (D:1)
  2 frilled lizards
  3 rats
65 creatures vanquished.

Grand Total: 108 creatures vanquished

Notes
Turn   | Place    | Note
-------+----------+-------------------------------------------
     0 | D:1      | Illumine the Demonspawn Summoner began the quest for the
                  | Orb.
     0 | D:1      | Reached XP level 1. HP: 13/13 MP: 3/3
   374 | D:1      | Gained mutation: You may rarely emit foul miasma when
                  | damaged in melee. [demonic ancestry]
   374 | D:1      | Reached XP level 2. HP: 17/19 MP: 3/5
   377 | D:1      | Learned a level 2 spell: Call Imp
   600 | D:1      | Found a faded altar of an unknown god.
   678 | D:1      | Reached XP level 3. HP: 23/24 MP: 4/7
   708 | D:1      | Learned a level 3 spell: Call Canine Familiar
  1649 | D:2      | Gained mutation: You sometimes emit foul miasma when
                  | damaged in melee. [demonic ancestry]
  1649 | D:2      | Reached XP level 4. HP: 27/30 MP: 8/8
  1661 | D:2      | Reached skill level 5 in Summonings
  1828 | D:2      | Gained mutation: A weak demonic guardian rushes to your
                  | aid. [demonic ancestry]
  1828 | D:2      | Reached XP level 5. HP: 22/35 MP: 10/10
  1947 | D:2      | Learned a level 3 spell: Summon Guardian Golem
  1955 | D:3      | Identified the +0 helmet "Fuutt" {rPois}
  1955 | D:3      | Noticed Robin
  1968 | D:3      | Killed Robin
  2052 | D:3      | Found a runed translucent door.
  2053 | D:3      | Noticed Crazy Yiuf
  2068 | D:3      | Found a stormy altar of Qazlal.
  2085 | D:3      | Found a broken altar of Ashenzari.
  2160 | D:3      | Reached skill level 1 in Hexes
  2429 | D:3      | Found an ornate altar of the Wu Jian Council.
  2688 | D:4      | Reached XP level 6. HP: 14/42 MP: 12/12
  3400 | D:4      | Reached skill level 1 in Fighting
  3549 | D:4      | Found a burning altar of Makhleb.
  3931 | D:5      | Entered Level 5 of the Dungeon
  4211 | D:5      | Gained mutation: You have a pair of small horns on your
                  | head. [demonic ancestry]
  4211 | D:5      | Reached XP level 7. HP: 48/48 MP: 13/13
  4225 | D:5      | Reached skill level 6 in Summonings
  4226 | D:5      | HP: 1/48 [orc priest/divine providence (13)]
  4234 | D:5      | Slain by a hound

Illustrated notes

Levels and vault maps discovered:
D:1:      dpeg_arrival_rooms_c, layout_basic,
          shapermc_ecumenical_altar_notcrosses, patterned_corridor
D:2:      layout_basic, minmay_misc_feat_rows
D:3:      layout_rooms, nicolae_qazlal_scattered_showers,
          pdpol_wu_jian_five_deadly_venoms, ashenzari_conservatory_becter,
          guppyfry_early_orc_mine, uniq_crazy_yiuf_cottage, uniq_robin
D:4:      nicolae_cairo_tiling_very_big, layout_loops_corners,
          mainiacjoe_overflow_24_doors
D:5:      layout_rooms, nicolae_dithmenos_the_darkroom, amcnicky_altar_gilded,
          minmay_temple_entry_glass, uniq_duvessa

Skill      XL: |  1  2  3  4  5  6  7 |
---------------+----------------------+-----
Spellcasting   | 3 4 |  4.4
Summonings     | 5 6 |  6.0
Hexes          | 1 2 |  2.9
Dodging        | 2 |  2.4
Fighting       | 1 |  1.5
Stealth        | |  1.7

Action                     |  1- 3 |  4- 6 |  7- 9 || total
---------------------------+-------+-------+-------++-------
  Melee: Unarmed           |     7 |       |       ||     7
         Short sword       |     4 |       |       ||     4
         Long sword        |    27 |    13 |       ||    40
         Hand axe          |       |    76 |     7 ||    83
         Headbutt          |       |       |     1 ||     1
   Cast: Summon Small Mamm |    34 |     5 |       ||    39
         Call Imp          |    12 |    13 |       ||    25
         Call Canine Famil |     2 |    19 |       ||    21
         Summon Guardian G |       |     2 |       ||     2
   Stab: Sleeping          |     2 |     4 |       ||     6
 Armour: Robe              |    17 |    19 |     1 ||    37
  Dodge: Dodged            |    47 |    77 |     7 ||   131

Table legend: (Time is in decaauts)
 A = Elapsed time spent in this place.
 B = Non-inter-level travel time spent in this place.
 C = Inter-level travel time spent in this place.
 D = Time resting spent in this place.
 E = Time spent auto-exploring this place.
 F = Levels seen in this place.
 G = Mean time per level.
                   A        B        C        D        E       F      G
               +--------+--------+--------+--------+--------+-----+--------+
         Total |   4272 |   4172 |    100 |    276 |   3042 |   5 |  854.4 |
       Dungeon |   4272 |   4172 |    100 |    276 |   3042 |   5 |  854.4 |
               +--------+--------+--------+--------+--------+-----+--------+

Top non-repeatable levels by time:
     D:4: 1327 daAuts
     D:1: 1035 daAuts
     D:2: 926 daAuts
     D:3: 675 daAuts
     D:5: 307 daAuts
